Map: Cyber Forest LE

Players

Zoid - Winner!

  • Race: Zerg Zerg
  • League: Platinum
  • Spawn Location: 11:00

Mesrob

  • Race: Terran Terran
  • League: Platinum
  • Spawn Location: 5:00

VOD

Have the link to the VOD?

Description

Time

  • Played on: July 13, 2019, 6:56 p.m.
  • Length: 24:47
Show
View Real Time Build Order
Export as new Build Order

Zoid Zerg - Winner!

Build Orders: Pool First 

Get SALT Encoding   

  12  0:19  Spawning Pool  
  11  0:22  Drone  
  11  0:27  Drone  
  13  0:32  Drone  
  14  0:46  Overlord  
  14  0:55  Extractor  
  13  0:59  Extractor  
  12  1:06  Queen  
  12  1:07  Drone x2  
  16  1:11  Drone  
  17  1:19  Drone  
  18  1:48  Drone  
  18  1:53  Roach Warren  
  18  1:59  Overlord  
  18  2:34  Roach x4  
  18  2:35  Roach x2  
  30  2:43  Lair  
  30  2:46  Overlord  
  30  3:05  Drone  
  30  3:06  Drone x2  
  33  3:24  Drone  
  33  3:25  Drone x3  
  37  3:28  Drone  
  36  4:24  Spire  
  36  4:25  Drone x3  
  36  4:29  Overlord x2  
  36  4:41  Hatchery  
  35  4:54  Hatchery  
  28  5:13  Spine Crawler  
  25  5:19  Spine Crawler  
  24  5:22  Drone x6  
  30  5:36  Extractor x2  
  30  5:41  Mutalisk x2  
  30  5:42  Mutalisk x2  
  36  5:56  Drone  
  37  5:58  Queen  
  37  6:01  Mutalisk  
  41  6:10  Roach  
  42  6:23  Roach x2  
  46  6:34  Queen  
  46  6:35  Drone x2  
  50  6:43  Drone x2  
  52  6:50  Drone x2  
  54  6:58  Mutalisk x2  
  54  7:01  Mutalisk  
  58  7:07  Overseer  
  60  7:13  Drone x3  
  60  7:15  Drone  
  64  7:17  Drone  
  65  7:23  Drone  
  65  7:25  Overlord  
  66  7:30  Overlord  
  66  7:44  Drone x5  
  67  7:45  Drone  
  68  8:26  Overlord x3  
  68  8:27  Overlord  
  68  9:06  Drone x2  
  68  9:07  Drone x6  
  76  9:10  Queen  
  76  9:11  Drone x3  
  76  9:16  Drone  
  82  9:17  Infestation Pit  
  82  9:18  Drone x5  
  82  9:19  Drone x3  
  89  9:29  Overlord x2  
  89  9:31  Overlord  
  89  9:42  Hatchery  
  88  9:45  Hatchery, Overseer  
  88  9:52  Extractor x2  
  85  9:56  Mutalisk x3  
  91  10:03  Hive  
  91  10:07  Mutalisk x5  
  91  10:08  Mutalisk  
  103  10:14  Mutalisk  
  103  10:15  Mutalisk x5  
  115  10:23  Mutalisk  
  115  10:24  Mutalisk x2  
  121  10:28  Overlord  
  121  10:30  Overlord  
  121  10:32  Pneumatized Carapace  
  121  10:34  Overlord x2  
  121  10:56  Mutalisk x2  
  121  10:57  Mutalisk x2  
  123  11:01  Mutalisk x2  
  133  11:04  Mutalisk x2  
  137  11:25  Drone x3  
  139  11:26  Drone x2  
  139  11:28  Overlord x3  
  142  11:42  Ultralisk Cavern  
  141  11:50  Spore Crawler x2  
  139  11:57  Spore Crawler x2  
  139  11:59  Spore Crawler  
  136  12:20  Burrow  
  136  12:27  Hatchery  
  135  12:38  Hatchery  
  134  12:45  Chitinous Plating  
  134  12:50  Ultralisk  
  134  12:51  Ultralisk x4  
  164  12:53  Ultralisk  
  170  13:02  Greater Spire  
  170  13:37  Metabolic Boost  
  170  13:42  Queen, Evolution Chamber  
  170  13:43  Drone, Evolution Chamber  
  170  13:45  Evolution Chamber  
  170  13:50  Overlord x4  
  170  13:56  Drone x2  
  170  13:57  Drone x6  
  170  13:58  Drone x3  
  170  14:02  Extractor  
  180  14:03  Anabolic Synthesis  
  180  14:15  Drone x3  
  183  14:20  Zerg Melee Weapons Level 1, Zerg Missile Weapons Level 1  
  183  14:21  Zerg Ground Armor Level 1  
  183  14:25  Zerg Flyer Weapons Level 1  
  183  14:27  Extractor  
  182  14:33  Extractor  
  182  14:34  Ultralisk x2  
  182  14:35  Ultralisk  
  199  14:38  Extractor  
  198  14:56  Adrenal Glands  
  198  15:34  Queen  
  200  15:50  Glial Reconstitution  
  200  15:52  Pathogen Glands  
  106  16:17  Ultralisk x5  
  106  16:18  Ultralisk x3  
  134  16:19  Zerg Flyer Armor Level 1  
  128  16:27  Overseer x2  
  128  16:32  Ultralisk  
  123  16:49  Neural Parasite  
  117  17:09  Tunneling Claws  
  81  17:52  Ultralisk x4  
  81  17:53  Ultralisk x4  
  129  18:13  Drone x4  
  129  18:14  Drone x3  
  129  18:19  Drone x5  
  142  18:20  Drone  
  142  18:39  Zerg Melee Weapons Level 2, Zerg Missile Weapons Level 2  
  142  18:40  Zerg Ground Armor Level 2  
  142  18:56  Overseer  
  135  19:16  Hatchery  
  134  19:19  Corruptor x4  
  134  19:20  Corruptor x5  
  134  19:21  Corruptor x2  
  156  20:02  Corruptor x6  
  156  20:03  Corruptor  
  170  20:24  Zerg Flyer Weapons Level 2  
  170  20:43  Brood Lord x2  
  170  20:44  Brood Lord  
  170  20:46  Queen  
  170  20:49  Drone x2  
  180  21:12  Hatchery, Brood Lord x3  
  185  21:48  Zerg Melee Weapons Level 3, Zerg Missile Weapons Level 3  
  185  21:55  Zerg Ground Armor Level 3  
  185  22:14  Extractor  
  185  22:15  Extractor  
  183  22:31  Brood Lord x3  
  183  22:33  Brood Lord  
  187  23:09  Queen  
  187  23:13  Corruptor  
  187  23:14  Corruptor x5  
  187  23:17  Drone x3  
  199  23:20  Drone x4  
  199  23:23  Drone  
  199  23:25  Drone  
  199  23:28  Drone  
Show
View Real Time Build Order
Export as new Build Order

Mesrob Terran 

Build Orders: 2 Factory 

Get SALT Encoding   

  12  0:01  SCV  
  13  0:13  SCV  
  14  0:17  Supply Depot  
  14  0:25  SCV  
  15  0:39  SCV  
  15  0:40  Barracks  
  16  0:51  SCV  
  17  0:57  Refinery  
  17  1:06  SCV  
  18  1:18  SCV  
  19  1:30  Orbital Command  
  19  1:40  Command Center  
  18  1:57  Refinery  
  18  1:58  SCV  
  19  2:03  Factory  
  19  2:16  Barracks Reactor  
  19  2:18  SCV  
  20  2:30  SCV  
  20  2:33  Supply Depot  
  21  2:55  Supply Depot  
  21  3:00  Supply Depot  
  21  3:03  Orbital Command  
  21  3:09  Factory  
  21  3:12  Hellion  
  23  3:14  Hellion  
  23  3:18  SCV  
  26  3:22  Supply Depot  
  26  3:30  SCV x2  
  27  3:40  Widow Mine  
  31  3:41  Hellion  
  31  3:42  SCV  
  31  3:45  Armory  
  31  3:54  Factory Tech Lab  
  31  3:59  Supply Depot  
  30  4:07  Orbital Command  
  26  4:16  Siege Tank  
  26  4:18  Hellion  
  19  4:32  SCV  
  19  4:39  SCV  
  10  5:02  Siege Tank  
  11  5:08  Hellion  
  11  5:09  SCV  
  11  5:14  SCV  
  13  5:23  Supply Depot  
  13  5:25  SCV  
  14  5:33  Hellion  
  16  5:48  Cyclone  
  20  5:50  SCV  
  20  6:01  SCV  
  20  6:02  SCV  
  22  6:20  SCV x2  
  24  6:27  Cyclone  
  24  6:28  Hellion x2  
  24  6:32  Terran Vehicle Weapons Level 1  
  31  6:36  SCV  
  31  6:39  SCV  
  33  6:48  SCV  
  36  6:54  Hellion  
  36  6:59  Hellion, Cyclone  
  41  7:12  SCV  
  41  7:15  SCV  
  43  7:21  Hellion  
  45  7:23  Hellion  
  45  7:24  SCV  
  45  7:27  SCV  
  49  7:31  Cyclone  
  52  7:37  SCV  
  52  7:39  SCV  
  52  7:42  Hellion  
  56  7:44  Supply Depot  
  56  7:45  Hellion  
  54  8:11  Thor  
  54  8:13  Hellion x2  
  50  8:24  Engineering Bay  
  50  8:28  Terran Vehicle And Ship Armor Level 1  
  50  8:34  Widow Mine  
  50  8:36  Widow Mine  
  50  8:40  SCV  
  55  9:22  Supply Depot  
  55  9:25  Supply Depot  
  55  9:43  Thor  
  61  9:47  Hellion x2  
  61  9:52  Factory  
  65  10:04  Refinery  
  65  10:09  Hellbat x2  
  65  10:10  Missile Turret  
  65  10:11  Missile Turret  
  65  10:12  SCV  
  70  10:30  Supply Depot  
  70  10:36  Factory  
  70  10:38  Supply Depot  
  70  10:47  Factory Tech Lab  
  70  10:51  SCV, Cyclone  
  70  10:53  Supply Depot  
  70  10:56  SCV  
  75  11:03  Supply Depot  
  75  11:04  SCV  
  76  11:08  SCV  
  77  11:12  Thor  
  77  11:16  SCV  
  84  11:20  SCV  
  84  11:21  Factory Tech Lab  
  84  11:25  Factory  
  85  11:26  Supply Depot  
  85  11:37  Missile Turret  
  85  11:39  Cyclone  
  88  11:41  Hellbat  
  90  11:54  Thor  
  90  11:56  Hellbat x2  
  90  11:57  Command Center  
  100  12:03  SCV  
  100  12:04  SCV  
  102  12:10  Refinery  
  102  12:11  Cyclone  
  102  12:15  SCV  
  106  12:16  SCV  
  106  12:19  Armory  
  107  12:25  Factory Reactor  
  107  12:27  SCV  
  108  12:38  Supply Depot  
  108  12:41  Supply Depot  
  108  13:00  Supply Depot, Cyclone x2  
  108  13:03  Supply Depot  
  108  13:04  Thor  
  120  13:06  Hellbat  
  120  13:08  Hellbat  
  120  13:12  Hellbat  
  126  13:33  Hellbat x3  
  132  13:39  Cyclone  
  135  13:41  Missile Turret  
  135  13:45  Planetary Fortress  
  135  13:48  SCV  
  136  13:52  SCV  
  137  14:02  Missile Turret, SCV  
  138  14:04  SCV  
  139  14:10  Thor  
  139  14:12  Refinery  
  139  14:14  SCV, Cyclone  
  139  14:16  SCV  
  150  14:22  Terran Vehicle Weapons Level 2  
  150  14:28  SCV  
  151  14:38  Refinery  
  151  14:44  Supply Depot  
  151  14:54  Thor  
  151  14:56  Supply Depot  
  157  15:06  Hellbat x2, Cyclone  
  164  15:08  Supply Depot, Terran Vehicle And Ship Armor Level 2  
  164  15:09  SCV  
  165  15:17  SCV  
  165  15:20  Supply Depot, SCV  
  167  15:21  SCV  
  167  15:27  Cyclone  
  171  15:29  Hellbat x2  
  171  15:30  SCV  
  171  15:31  Hellbat  
  171  15:32  Supply Depot, SCV  
  179  15:36  Hellbat  
  179  15:42  SCV  
  182  15:43  Supply Depot  
  182  15:46  Factory  
  182  15:52  Factory  
  179  16:05  Supply Depot  
  179  16:08  Supply Depot  
  134  16:18  Thor x2  
  118  16:19  Cyclone  
  119  16:28  Supply Depot  
  119  16:32  Factory  
  119  16:38  Factory  
  119  16:39  Factory Tech Lab  
  117  16:40  Hellion x2  
  121  16:51  Cyclone  
  118  17:15  Factory Reactor, Thor  
  102  17:16  Factory Tech Lab  
  102  17:17  Cyclone  
  102  17:18  Hellbat x2  
  37  18:06  Thor x4  
  61  18:39  Hellbat  
  63  18:46  Command Center  
  63  19:22  Factory Tech Lab  
  61  19:37  Command Center  
  61  19:43  Terran Ship Weapons Level 1  
  61  20:01  Planetary Fortress  
  61  20:04  Refinery  
  61  20:17  Thor  
  61  20:20  Refinery  
  67  20:25  Thor  
  73  20:29  Hellbat, Refinery  
  75  20:43  Starport  
  75  20:44  Starport  
  75  20:48  SCV  
  77  20:50  SCV x2  
  77  20:52  Planetary Fortress  
  77  20:54  Refinery  
  78  21:00  SCV  
  79  21:13  Infernal Pre-Igniter  
  79  21:38  SCV x2  
  81  21:40  Orbital Command  
  81  21:52  Thor  
  87  21:55  Hellion x6  
  87  21:58  Starport Reactor x2  
  99  22:05  SCV  
  100  22:10  SCV  
  100  22:13  SCV x2  
  103  22:18  SCV  
  103  22:19  Liberator x3  
  103  22:22  SCV  
  105  22:25  SCV x2  
  107  22:30  SCV  
  107  22:34  SCV  
  107  22:36  Command Center  
  118  22:37  SCV x2  
  118  22:42  SCV  
  121  22:46  SCV  
  122  22:52  Liberator  
  119  23:14  Hellbat x4  
  119  23:17  Hellbat, Siege Tank  
  119  23:19  Viking x3  
  138  23:25  Refinery  
  136  23:27  Refinery  
  136  23:49  Viking  
Tags
 
Add a new tag
Caveats
  • Supply blocks, unpowered buildings, or Contaminate may cause inaccurate times.
  • Supply counts are checked every 10 seconds.